 Dungeon Crawl Stone Soup version 0.28.0-49-g6dfe1f597d (webtiles) character file.

Game seed: 8033436470762840787

9 Gabide the Sneak (level 2, -4/25 HPs)
             Began as a Barachi Delver on May 19, 2022.
             Slain by a killer bee zombie (7 damage)
             ... on level 6 of the Dungeon.
             The game lasted 00:02:00 (138 turns).

Gabide the Sneak (Barachi Delver)                    Turns: 138, Time: 00:02:00

Health: -4/25      AC:  3    Str: 13    XL:     2   Next: 16%
Magic:  2/2        EV: 12    Int: 10    God:
Gold:   0          SH:  0    Dex: 13    Spells: 1/1 levels left

rFire   . . .      SeeInvis .   a - +0 falchion
rCold   . . .      Faith    .   (no shield)
rNeg    . . .      Spirit   .   b - +0 leather armour
rPois   .          Reflect  .   (no helmet)
rElec   .          Harm     .   (no cloak)
rCorr   .          Rampage  .   (no gloves)
Will    .....                   (no boots)
Stlth   ++........              (no amulet)
HPRegen 0.08/turn               (no ring)
MPRegen 0.08/turn               (no ring)

@: weak-willed, unable to hop, hasted, very quick
A: amphibious, slowness 1, strong legs 1, +LOS
a: Hop


You were on level 6 of the Dungeon.
You visited 1 branch of the dungeon, and saw 2 of its levels.

Inventory:

Hand Weapons
 a - a +0 falchion (weapon)
Armour
 b - a +0 leather armour (worn)
Wands
 g - a wand of digging (3)
Scrolls
 c - a scroll of fog
 e - a scroll of fear
Potions
 h - a potion of cancellation {unknown}


   Skills:
 + Level 3.8 Fighting
 + Level 2.7 Long Blades
 + Level 2.4 Dodging
 + Level 4.6 Stealth


You had one spell level left.
You didn't know any spells.
Your spell library was empty.

Dungeon Overview and Level Annotations

Branches:
Dungeon (6/15)
 Temple: D:4-7

Altars:

Annotations:
D:6 exclusions: iguana and scorpion


Innate Abilities, Weirdness & Mutations

You are amphibious.
You cover ground slowly.
You can hop short distances.
You have an extended range of vision and can be seen from far away.


Message History

Found a stone staircase leading down.
The killer bee zombie misses you. The killer bee zombie hits you.
You hit the killer bee zombie.
The killer bee zombie is lightly damaged.
The killer bee zombie closely misses you.
The killer bee zombie barely misses you.
You hit the killer bee zombie.
The killer bee zombie is moderately damaged.
The killer bee zombie hits you but does no damage.
The killer bee zombie barely misses you.
You hit the killer bee zombie but do no damage.
The killer bee zombie is moderately damaged.
The killer bee zombie hits you.
The killer bee zombie barely misses you.
The killer bee zombie hits you.
You closely miss the killer bee zombie.
The killer bee zombie is moderately damaged.
The killer bee zombie hits you. x2
The killer bee zombie hits you.
* * * LOW HITPOINT WARNING * * *
You see here an adder corpse.
Okay, then.
Okay, then.
Hop to where?
Press: ? - help, Dir - move target Boing!
Okay, then.
Press: ? - help, v - describe, . - travel
Here: a killer bee zombie (moderately damaged)
The floor.
Unknown command.
As you read the scroll labelled JULAYTT SAFEESOL, it crumbles to dust.
Magic quickly surges around you.
It was a scroll of vulnerability.
The killer bee zombie misses you.
You feel yourself speed up.
The killer bee zombie closely misses you.
The killer bee zombie barely misses you.
The killer bee zombie hits you but does no damage.
The killer bee zombie hits you!
You die...

### ##.## ******##...##
*,,,,,,.l...* *,******...**
*,* *#.#* *,*
#####.############ ***** *,*
#..Z@............# ,,,,* #,*
#.#####.########.#
,**,#####.###.# #.# #.#
,**,.>......#†# #.# #.#
,,,,,***#.....# #.# #.#
,,,,,,**#?#.#.#***#.########<#
,,,,,,,,,#....#*,,...........#
*,,,,,*,..#.#.#*,*#.........##
*,,,,**#......#*,*###...#.#.#


You could see a killer bee zombie (weak-willed).

Vanquished Creatures
  An adder (D:6)
1 creature vanquished.

Notes
Turn   | Place    | Note
-------+----------+-------------------------------------------
     0 | D:5      | Gabide the Barachi Delver began the quest for the Orb.
     0 | D:5      | Reached XP level 1. HP: 18/18 MP: 1/1
    30 | D:6      | Noticed a scorpion
    46 | D:6      | Noticed an iguana
    62 | D:6      | Reached XP level 2. HP: 20/25 MP: 2/2
   138 | D:6      | Slain by a killer bee zombie

Illustrated notes

Levels and vault maps discovered:
D:5:      cheibrodos_iron_armory, layout_basic, uniq_duvessa
D:6:      layout_loops_ring, serial_shops, nicolae_shop_stone,
          nicolae_ossuary_entry_monument

Action                   || total
-------------------------++-------
Melee: Falchion          ||    10
 Abil: Hop               ||     1
  Use: Scroll            ||     2
       Potion            ||     1
 Stab: Sleeping          ||     1
Armor: Leather armour    ||     5
Dodge: Dodged            ||    12
